 Dungeon Crawl Stone Soup version 0.26-a0-639-g72c4674329 (webtiles) character file.

Game seed: 8112844044113136280

488 Gottschkopf the Changer (level 6, -9/47 HPs)
             Began as a Draconian Transmuter on Sept 16, 2020.
             Was an Initiate of Ru.
             Shot with an arrow by a centaur (11 damage)
             ... on level 5 of the Dungeon.
             The game lasted 00:07:19 (4741 turns).

Gottschkopf the Changer (Draconian Transmuter)      Turns: 4741, Time: 00:07:20

Health: -9/47      AC:  6    Str: 12    XL:     6   Next: 90%
Magic:  16/18      EV: 12    Int: 15    God:    Ru [......]
Gold:   309        SH:  0    Dex: 12    Spells: 3/9 levels left

rFire    + . .     SeeInvis .     - Unarmed
rCold    + . .     Faith    .   (no shield)
rNeg     . . .     Spirit   .   (armour unavailable)
rPois    .         Reflect  .   (helmet currently unavailable)
rElec    .         Harm     .   e - scarf {rC+ rF+}
rCorr    .         Rampage  .   (no gloves)
MR       +....                  (boots currently unavailable)
Stlth    ..........             (no amulet)
HPRegen  0.15/turn              q - ring of protection from magic
MPRegen  0.16/turn              y - ring of magical power

@: appendages, wereblooded
A: unfitting armour, horns 2, talons 2, cold-blooded, no stealth, AC +6
a: End Transformation, Renounce Religion


You were on level 5 of the Dungeon.
You worshipped Ru.
Ru was noncommittal.
You had grown temporary horns.
You had grown temporary talons.
You visited 1 branch of the dungeon, and saw 6 of its levels.

You collected 309 gold pieces.

Inventory:

Missiles
 b - 8 boomerangs of dispersal (quivered)
Armour
 e - a scarf of resistance (worn)
 f - a +0 cloak
 z - a cursed +0 pair of gloves
Jewellery
 q - a ring of protection from magic (left hand)
 y - a ring of magical power (right hand)
Scrolls
 a - 2 scrolls of amnesia {unknown}
 c - 3 scrolls of magic mapping {unknown}
 d - 3 scrolls of identify {unknown}
 j - a scroll of teleportation {unknown}
 l - a scroll of fog {unknown}
 n - 2 scrolls of fear {unknown}
 o - a scroll of blinking {unknown}
 p - a scroll of random uselessness {unknown}
 r - a scroll of remove curse {unknown}
 t - a scroll of enchant armour {unknown}
 u - a scroll of immolation {unknown}
 w - a scroll of silence {unknown}
 x - a scroll of noise {unknown}
Potions
 g - 3 potions of curing {unknown}
 h - 3 potions of heal wounds {unknown}
 i - a potion of experience {unknown}
 k - 2 potions of mutation {unknown}
 m - a potion of berserk rage {unknown}
 s - a potion of ambrosia {unknown}
 v - a potion of brilliance {unknown}


   Skills:
 - Level 1.1 Fighting
 - Level 1.7 Dodging
 - Level 4.2 Unarmed Combat
 - Level 2.0 Spellcasting
 + Level 6.4 Transmutations
 - Level 2.0 Poison Magic


You had 3 spell levels left.
You knew the following spells:

 Your Spells              Type           Power        Failure   Level
a - Beastly Appendage     Tmut           ###...       1%          1
b - Spider Form           Tmut/Pois      ##........   12%         3
c - Wereblood             Tmut           ###.....     2%          2

Your spell library contained the following spells:

 Spells                   Type           Power        Failure   Level
 Blade Hands              Tmut           ###.......   41%         5
 Ice Form                 Ice/Tmut       ##......     52%         4


Dungeon Overview and Level Annotations

Branches:
Dungeon (6/15)
 Temple: D:4-7

Altars:
Ru
Trog


Innate Abilities, Weirdness & Mutations

Your plain brown scales are hard. (AC +6)
You cannot fit into any form of body armour.
You are cold-blooded and may be slowed by cold attacks.
You cannot be stealthy.
You have a pair of horns on your head.
You have razor-sharp toenails.


Message History

You fail to extend your transformation any further.
You howl as the wereblood boils in your veins!
Unknown command.
You can't go up here!
You climb downwards.
The centaur shoots an arrow.
The arrow hits you.
The centaur wields a +0 shortbow.
The centaur shoots an arrow.
The arrow hits you!
The centaur shoots an arrow.
The arrow hits you!
* * * LOW HITPOINT WARNING * * *
The orc closely misses you.
The centaur shoots an arrow.
The arrow misses you. The orc barely misses you.
There is a stone staircase leading up, spattered with blood here.
You see here 3 arrows.
The centaur shoots an arrow.
The arrow hits you but does no damage.
The centaur shoots an arrow.
The arrow closely misses you. The orc closely misses you.
The orc barely misses you.
The centaur shoots an arrow.
The arrow barely misses you.
The arrow hits the orc!
The orc dies!
The centaur shoots an arrow.
The arrow hits you!
You die...

#........o ##....
......... #....
#...... ##... #.c...#
##.. #.....# ##.
#....c# #. ##....# ##
#..(.# ##### #..@.##
####.... #.(o(.#
#....... #...(.#
#....... ..#.....#
###......
#.......######........
##....................
###............#.....
#.....#########....
#..>.... ##...


You could see 2 centaurs and an orc.

Vanquished Creatures
  2 scorpions (D:4)
  A hound (D:4)
  An orc wizard (D:4)
  A bullfrog skeleton (D:4)
  3 centaur skeletons
  3 iguanas
  A worker ant (D:6)
  An adder (D:3)
  An ooze (D:4)
  2 adder skeletons (D:4)
  6 worms
  A dart slug (D:1)
  4 leopard geckos
  8 orcs
  9 bats
  2 giant cockroaches
  10 hobgoblins
  A quokka (D:3)
  A ball python (D:1)
  A frilled lizard (D:4)
  9 goblins
  6 kobolds
  7 rats
81 creatures vanquished.

Vanquished Creatures (others)
  An orc (D:5)
1 creature vanquished.

Grand Total: 82 creatures vanquished

Notes
Turn   | Place    | Note
-------+----------+-------------------------------------------
     0 | D:1      | Gottschkopf the Draconian Transmuter began the quest for
                  | the Orb.
     0 | D:1      | Reached XP level 1. HP: 16/16 MP: 3/3
   198 | D:1      | Reached XP level 2. HP: 23/23 MP: 3/5
   755 | D:2      | Reached XP level 3. HP: 28/28 MP: 4/6
   782 | D:2      | Learned a level 3 spell: Spider Form
   785 | D:2      | Learned a level 2 spell: Wereblood
   914 | D:2      | Found a faded altar of an unknown god.
  1042 | D:2      | Became a worshipper of Ru the Awakened
  1055 | D:2      | Gained mutation: You cannot be stealthy. [Ru sacrifice]
  1864 | D:3      | Found a bloodstained altar of Trog.
  1913 | D:3      | Reached skill level 1 in Poison Magic
  2116 | D:3      | Reached XP level 4. HP: 31/35 MP: 5/7
  2326 | D:3      | Reached skill level 3 in Transmutations
  2967 | D:3      | Reached XP level 5. HP: 14/40 MP: 4/8
  3171 | D:4      | Reached skill level 4 in Transmutations
  3230 | D:4      | HP: 2/40 [iguana (13)]
  3588 | D:4      | You fall into a shaft and drop 2 floors!
  3661 | D:5      | Entered Level 5 of the Dungeon
  3669 | D:5      | Reached skill level 5 in Transmutations
  3669 | D:5      | Reached XP level 6. HP: 36/47 MP: 7/9
  4158 | D:4      | Reached skill level 6 in Transmutations
  4740 | D:5      | HP: 2/47 [centaur/arrow (14)]
  4741 | D:5      | Shot with an arrow by a centaur

Illustrated notes

Levels and vault maps discovered:
D:1:      dpeg_arrival_rooms_b, layout_basic, minmay_unequal
D:2:      layout_basic, chequers_ecumenical_altar_simple_redux, hex_medium
D:3:      layout_loops_ring, bloody_trog
D:4:      layout_rooms
D:5:      layout_cave_pods, minivault_24, uniq_menkaure
D:6:      layout_layer_cave

Skill      XL: |  1  2  3  4  5  6 |
---------------+-------------------+-----
Unarmed Combat | 4 |  4.2
Poison Magic   | 1 2 |  2.0
Transmutations | 3 5 6 |  6.4
Fighting       | |  1.1
Dodging        | |  1.7
Spellcasting   | |  2.0

Action                   |  1- 3 |  4- 6 || total
-------------------------+-------+-------++-------
Melee: Unarmed           |    99 |   133 ||   232
       Kick              |    18 |    29 ||    47
       Tailslap          |    13 |    19 ||    32
       Headbutt          |    10 |    15 ||    25
       Punch             |     1 |     1 ||     2
 Cast: Beastly Appendage |    31 |    27 ||    58
       Spider Form       |       |     4 ||     4
       Wereblood         |       |     2 ||     2
Invok: Sacrifice Stealth |     1 |       ||     1
 Stab: Sleeping          |     2 |       ||     2
Armor: Skin              |    45 |    24 ||    69
Dodge: Dodged            |    53 |    97 ||   150

Table legend: (Time is in decaauts)
 A = Elapsed time spent in this place.
 B = Non-inter-level travel time spent in this place.
 C = Inter-level travel time spent in this place.
 D = Time resting spent in this place.
 E = Time spent auto-exploring this place.
 F = Levels seen in this place.
 G = Mean time per level.
                   A        B        C        D        E       F      G
               +--------+--------+--------+--------+--------+-----+--------+
         Total |   4727 |   4612 |    115 |    608 |   3359 |   6 |  787.8 |
       Dungeon |   4727 |   4612 |    115 |    608 |   3359 |   6 |  787.8 |
               +--------+--------+--------+--------+--------+-----+--------+

Top non-repeatable levels by time:
     D:3: 1860 daAuts
     D:4: 1165 daAuts
     D:2: 763 daAuts
     D:1: 727 daAuts
     D:5: 138 daAuts
     D:6: 72 daAuts
